 Dungeon Crawl Stone Soup version 0.29.0-11-gd7f09526c8 (webtiles) character file.

Game seed: 2950593670184354358

23356 sanka the Severer (level 12, 110/110 HPs)
             Began as a Minotaur Berserker on Sept 6, 2022.
             Was a High Priest of Trog.
             Quit the game on level 1 of the Orcish Mines.
             The game lasted 00:20:36 (14818 turns).

sanka the Severer (Minotaur Berserker)             Turns: 14818, Time: 00:20:36

Health: 110/110    AC: 24    Str: 23    XL:     12   Next: 71%
Magic:  11/11      EV: 11    Int:  4    God:    Trog [*****.]
Gold:   731        SH:  0    Dex: 14    Spells: 11/11 levels left

rFire   . . .      SeeInvis +   a - +0 battleaxe (flame)
rCold   . . .      Faith    .   (shield currently unavailable)
rNeg    . . .      Spirit   +   L - +0 plate armour
rPois   .          Reflect  .   g - +2 hat {SInv}
rElec   .          Harm     .   R - +2 cloak {Will+}
rCorr   .          Rampage  .   u - +0 pair of gloves
Will    +....                   J - +1 pair of boots
Stlth   ..........              s - amulet of guardian spirit
HPRegen 0.28/turn               (no ring)
MPRegen 0.12/turn               (no ring)

@: studying Axes
A: horns 2, retaliatory headbutt
a: Renounce Religion, Berserk, Trog's Hand, Brothers in Arms


You were on level 1 of the Orcish Mines.
You worshipped Trog.
Trog was extremely pleased with you.
You visited 2 branches of the dungeon, and saw 13 of its levels.
You also visited: Bailey.

You collected 731 gold pieces.


Innate Abilities, Weirdness & Mutations

You have a pair of horns on your head.
You reflexively headbutt those who attack you in melee.


   Skills:
 + Level 11.5 Fighting
 - Level 20.0 Axes
 + Level 11.2 Armour
 + Level 10.3 Dodging


You had 11 spell levels left.
You didn't know any spells.
Your spell library was empty.

Inventory:

Hand Weapons
 a - a +0 battleaxe of flaming (weapon)
 M - the +5 morningstar "Tedioreq" {freeze, rPois Str+2 Int+3 Dex+6}

   It freezes those it strikes, dealing additional cold damage.
   It can also slow down cold-blooded creatures.
   Str:       It affects your strength (+2).
   Int:       It affects your intelligence (+3).
   Dex:       It affects your dexterity (+6).
   rPois:     It protects you from poison.
 N - a +2 war axe of freezing
 O - a +0 short sword of distortion
Missiles
 d - 10 throwing nets {=f}
 i - 4 curare-tipped darts {=f}
 y - 5 javelins
Armour
 g - a +2 hat of see invisible (worn)
 u - a +0 pair of gloves (worn)
 J - a +1 pair of boots (worn)
 L - a +0 plate armour (worn)
 R - a +2 cloak of willpower (worn)
Jewellery
 s - an amulet of guardian spirit (around neck)
 Q - an amulet of magic regeneration
Wands
 n - a wand of flame (45)
 w - a wand of iceblast (23)
 x - a wand of light (10)
 H - a wand of charming (5)
 S - a wand of mindburst (7)
Scrolls
 b - 2 scrolls of summoning {unknown}
 e - a scroll of magic mapping {unknown}
 h - a scroll of noise {!r}
 j - 6 scrolls of teleportation {@r4}
 k - 2 scrolls of poison {!r}
 m - 5 scrolls of vulnerability {!r}
 q - 2 scrolls of blinking
 t - 5 scrolls of immolation {!r}
 B - 7 scrolls of enchant weapon
 F - 5 scrolls of enchant armour
 P - a scroll of identify {@r1}
Potions
 c - 11 potions of curing {unknown}
 f - 4 potions of attraction {unknown}
 l - 2 potions of invisibility
 o - 2 potions of might {unknown}
 p - 2 potions of resistance {unknown}
 r - 4 potions of lignification {unknown}
 v - 2 potions of haste {unknown}
 z - 3 potions of heal wounds {unknown}
 A - 5 potions of brilliance {unknown}
 C - 2 potions of berserk rage {unknown}
 D - a potion of cancellation {unknown}
 E - a potion of ambrosia {unknown}
 G - 2 potions of degeneration {unknown}
 I - 3 potions of mutation {unknown}
 K - 6 potions of flight {unknown}
Miscellaneous
 T - a lightning rod (4/4)

Dungeon Overview and Level Annotations

Branches:
Dungeon (12/15)            Temple (0/1) D:4            Lair (0/5) D:10
    Orc (1/2) D:12         Bailey (visited)

Altars:
Ashenzari
Dithmenos
Makhleb
Nemelex Xobeh
Sif Muna
Uskayaw
Vehumet
Wu Jian
Yredelemnul

Shops:
D:9 (?

Annotations:
D:9 1 runed translucent door, melvinkitnick's ghost, journeyman KoNe

▒▒ ....▒ .. ▒▒
.....
.▒▒.▒▒▒.....
▒....▒......
▒....T....£.
▒▒oh.o.......
▒.h..o..h....
▒...>H.......
▒..T.h.....▒▒.
▒............▒
.............▒
...............
....£....£..£..
▒▒▒.▒▒...▒.▒.▒▒
▒▒ ▒▒▒▒▒▒▒▒▒


You could see an orc knight, 2 trolls, 4 wargs, an orc warrior and an orc.


Message History

There is an open door here.
Done exploring.
Done exploring.
Search for what [Enter for "."]? .
There is an open door here.
There is an open door, spattered with blood here.
There is an open door here.
There is an open door here.
There is an open door here.
You see here a lightning rod (4/4).
T - a lightning rod (4/4) Done exploring.
Search for what [Enter for "."]? misc Unknown command.
Done exploring.
There is an open door here.
There is an open door here.
There is a staircase to the Orcish Mines here.
You climb downwards.
Welcome to the Orcish Mines!
The troll shouts!
The warg howls!
The troll shouts!
The orc warrior shouts!
The warg howls!
The warg howls!
Found 90 gold pieces.
Found a stone staircase leading down.
There is a staircase back to the Dungeon here.
Are you sure you want to abandon this character and quit the game? (Confirm with "yes".)

Action                   |  1- 3 |  4- 6 |  7- 9 | 10-12 || total
-------------------------+-------+-------+-------+-------++-------
Melee: Hand axe          |    71 |   120 |   335 |       ||   526
       Headbutt          |    11 |    12 |    85 |   101 ||   209
       Punch             |     3 |       |     4 |     6 ||    13
       War axe           |       |       |    67 |   222 ||   289
       Battleaxe         |       |       |       |   191 ||   191
Invok: Berserk           |     1 |     4 |     4 |    12 ||    21
Evoke: Wand              |       |       |       |     3 ||     3
  Use: Scroll            |       |       |     8 |     5 ||    13
Armor: Animal skin       |    15 |       |       |       ||    15
       Chain mail        |    16 |    51 |   151 |       ||   218
       Plate armour      |       |       |    14 |   240 ||   254
Dodge: Dodged            |    39 |    29 |   137 |   189 ||   394

Levels and vault maps discovered:
D:1:      giann_bridges, layout_rooms, hellmonk_ecumenical_altar_leap_of_faith
D:2:      layout_basic, uniq_crazy_yiuf_cottage
D:3:      wad_crossroads, layout_basic, uniq_terence, uniq_jessica,
          uniq_sigmund, uniq_ijyb
D:4:      layout_gridville, minmay_temple_entry_glassed_door, nicolae_wormholes
D:5:      black_bear_nest_1, layout_loops_corners, kennysheep_mini_moat,
          nemelex_spade_bored_becter, grunt_ministairs_12
D:6:      layout_gridville, nicolae_dithmenos_shadow_blocks,
          mainiacjoe_overflow_tiny_flanked
D:7:      layout_basic, kennysheep_mini, kennysheep_generic_room_7, uniq_duvessa
D:8:      layout_basic, nicolae_wu_jian_wuxing_cycle,
          nicolae_yredelemnul_corpse_copse
D:9:      layout_cave_pools, serial_gnoll_camp, gnoll_camp_medium_02,
          gnoll_camp_mini_loothouse, gnoll_camp_mini_basic,
          gnoll_camp_mini_shop, gammafunk_ghost_grave, serial_shops,
          kennysheep_little_box, minmay_misc_feat_enclosed, uniq_harold
D:10:     layout_rooms, nicolae_vehumet_altar_sigil,
          mainiacjoe_overflow_catwalk, david_lair_generic, enter_bailey_3,
          lightli_fourway_metalbox, uniq_snorg, uniq_sonja
D:11:     layout_basic
D:12:     layout_roguey, orc_0_dummy, grunt_ogre_cave, uniq_gastronok,
          uniq_maurice
Orc:1:    layout_caves, nicolae_orc_rich_vein

Notes
Turn   | Place    | Note
-------+----------+-------------------------------------------
     0 | D:1      | sanka the Minotaur Berserker began the quest for the Orb.
     0 | D:1      | Reached XP level 1. HP: 19/19 MP: 0/0
    74 | D:1      | Reached skill level 4 in Axes
   217 | D:1      | Reached XP level 2. HP: 26/26 MP: 1/1
   463 | D:1      | Reached skill level 5 in Axes
   463 | D:1      | Reached XP level 3. HP: 31/31 MP: 2/2
   590 | D:1      | Reached ** piety under Trog
   655 | D:1      | Found a faded altar of an unknown god.
  1115 | D:2      | Reached skill level 6 in Axes
  1115 | D:2      | Reached XP level 4. HP: 37/39 MP: 3/3
  1620 | D:3      | Noticed Terence
  1626 | D:3      | Killed Terence
  1680 | D:3      | Noticed Ijyb
  1693 | D:3      | Killed Ijyb
  1694 | D:3      | Reached skill level 7 in Axes
  1694 | D:3      | Reached XP level 5. HP: 45/45 MP: 4/4
  1707 | D:3      | Noticed Sigmund
  1742 | D:3      | Killed Sigmund
  1743 | D:3      | Reached skill level 8 in Axes
  1743 | D:3      | Reached XP level 6. HP: 51/51 MP: 5/5
  2317 | D:3      | Reached *** piety under Trog
  2401 | D:3      | Identified a +2 robe of resistance
  2401 | D:3      | Noticed Jessica
  2420 | D:3      | Killed Jessica
  2807 | D:4      | Found a staircase to the Ecumenical Temple.
  2887 | D:4      | Reached skill level 9 in Axes
  2909 | D:4      | Noticed a sky beast
  2926 | D:4      | Killed a sky beast
  2927 | D:4      | Reached XP level 7. HP: 57/57 MP: 6/6
  3075 | D:4      | Reached skill level 10 in Axes
  3726 | D:5      | Entered Level 5 of the Dungeon
  3801 | D:5      | Reached skill level 11 in Axes
  4554 | D:5      | Reached XP level 8. HP: 58/64 MP: 5/7
  4704 | D:5      | Found a sparkling altar of Nemelex Xobeh.
  4831 | D:5      | Reached skill level 12 in Axes
  4930 | D:5      | Found a shimmering blue altar of Sif Muna.
  5302 | D:6      | Found a hide-covered altar of Uskayaw.
  5444 | D:6      | Found a shadowy altar of Dithmenos.
  5478 | D:6      | Reached skill level 13 in Axes
  5801 | D:6      | Reached **** piety under Trog
  5951 | D:6      | Reached skill level 14 in Axes
  6157 | D:7      | Reached skill level 4 in Fighting
  6157 | D:7      | Reached XP level 9. HP: 28/71 MP: 6/8
  6419 | D:7      | Reached skill level 3 in Armour
  6474 | D:7      | Reached skill level 3 in Dodging
  6932 | D:7      | Noticed Duvessa
  6932 | D:7      | Noticed Dowan
  6941 | D:7      | Killed Duvessa
  6952 | D:7      | Killed Dowan
  7031 | D:7      | Reached skill level 4 in Armour
  7074 | D:7      | Reached skill level 5 in Fighting
  7747 | D:7      | Found a broken altar of Ashenzari.
  7809 | D:7      | Reached skill level 4 in Dodging
  8107 | D:8      | Reached skill level 5 in Armour
  8180 | D:8      | Reached skill level 6 in Fighting
  8195 | D:8      | Reached skill level 5 in Dodging
  8365 | D:8      | Found a basalt altar of Yredelemnul.
  8691 | D:8      | Reached ***** piety under Trog
  8730 | D:8      | Found an ornate altar of the Wu Jian Council.
  9151 | D:9      | Identified 2 scrolls of acquirement
  9165 | D:8      | Reached XP level 10. HP: 69/84 MP: 6/9
  9320 | D:9      | Acquired a manual of Axes
  9322 | D:9      | Acquired a +2 hat of see invisible
  9381 | D:9      | Reached skill level 15 in Axes
  9459 | D:9      | Reached skill level 16 in Axes
  9494 | D:9      | Found Boweadeo's Magic Scroll Emporium.
  9550 | D:9      | Reached skill level 6 in Armour
  9681 | D:9      | Found Odesya's Antique Weapon Emporium.
  9703 | D:9      | Reached skill level 7 in Fighting
  9848 | D:9      | Reached skill level 6 in Dodging
  9913 | D:9      | Noticed Harold
  9931 | D:9      | Killed Harold
  9932 | D:9      | Reached skill level 7 in Armour
 10055 | D:9      | Found a runed translucent door.
 10165 | D:9      | Noticed melvinkitnick's ghost (journeyman KoNe)
 10220 | D:9      | Reached skill level 8 in Fighting
 10236 | D:9      | Reached skill level 7 in Dodging
 10886 | D:10     | Entered Level 10 of the Dungeon
 10886 | D:10     | Noticed Sonja
 10892 | D:10     | Noticed an elephant
 10894 | D:10     | Killed Sonja
 10895 | D:10     | Reached skill level 8 in Armour
 10895 | D:10     | Reached XP level 11. HP: 61/95 MP: 5/10
 11195 | D:10     | Reached skill level 9 in Fighting
 11238 | D:10     | Reached skill level 8 in Dodging
 11264 | D:10     | Found a flagged portal.
 11330 | Bailey   | Entered a bailey
 11424 | Bailey   | Received a gift from Trog
 11460 | Bailey   | Noticed a two-headed ogre
 11490 | Bailey   | Reached skill level 17 in Axes
 11536 | Bailey   | Identified +0 steam dragon scales
 11706 | Bailey   | Killed a two-headed ogre
 11714 | Bailey   | Identified the +5 morningstar "Tedioreq" {freeze, rPois
                  | Str+2 Int+3 Dex+6}
 11903 | D:10     | Found a staircase to the Lair.
 11919 | D:10     | Noticed a purple ugly thing
 11930 | D:10     | Reached skill level 18 in Axes
 11931 | D:10     | Killed a purple ugly thing
 12214 | D:10     | Noticed Snorg
 12223 | D:10     | Killed Snorg
 12224 | D:10     | Reached skill level 19 in Axes
 12254 | D:10     | Found a radiant altar of Vehumet.
 12302 | D:10     | Found a burning altar of Makhleb.
 12504 | D:11     | Noticed a four-headed hydra
 12511 | D:11     | Killed a one-headed hydra
 12714 | D:11     | Reached skill level 20 in Axes
 12745 | D:11     | Reached skill level 9 in Armour
 12851 | D:11     | Noticed a two-headed ogre
 12856 | D:11     | Killed a two-headed ogre
 12857 | D:11     | Reached XP level 12. HP: 92/106 MP: 8/11
 13151 | D:11     | Identified +0 acid dragon scales
 13237 | D:11     | Reached skill level 10 in Fighting
 13297 | D:12     | Found a staircase to the Orcish Mines.
 13319 | D:12     | Noticed a two-headed ogre
 13328 | D:12     | Killed a two-headed ogre
 13329 | D:12     | Reached skill level 9 in Dodging
 13416 | D:12     | Noticed a seven-headed hydra
 13425 | D:12     | Killed a three-headed hydra
 13443 | D:12     | Reached skill level 10 in Armour
 13542 | D:12     | Noticed Maurice
 13573 | D:12     | Killed Maurice
 14026 | D:12     | Reached skill level 11 in Fighting
 14054 | D:12     | Noticed Gastronok
 14174 | D:12     | Killed Gastronok
 14175 | D:12     | Reached skill level 10 in Dodging
 14248 | D:12     | Noticed a boulder beetle
 14258 | D:12     | Killed a boulder beetle
 14259 | D:12     | Reached skill level 11 in Armour
 14352 | D:12     | Noticed a two-headed ogre
 14368 | D:12     | Killed a two-headed ogre
 14817 | Orc:1    | Entered Level 1 of the Orcish Mines
 14818 | Orc:1    | Quit the game

Vanquished Creatures
  Gastronok (D:12)
  Snorg (D:10)
  A boulder beetle (D:12)
  Harold (D:9)
  2 hydras
  4 two-headed ogres
  Sonja (D:10)
  A deep elf pyromancer (D:12)
  An ugly thing (D:10)
  A manticore (D:12)
  A cyclops (D:11)
  An elephant (D:10)
  A gargoyle (D:12)
  Maurice (D:12)
  2 unseen horrors (D:12)
  2 trolls (D:12)
  A hornet (D:9)
  4 slime creatures (D:12)
  2 spriggans (Bailey)
  Sigmund (D:3)
  A centaur simulacrum (D:12)
  2 wraiths (D:11)
  4 shadows (D:11)
  2 wyverns
  24 yaks
  A steam dragon (Bailey)
  A basilisk (D:10)
  A vampire mosquito (D:10)
  An acid dragon (D:11)
  Duvessa (D:7)
  2 water moccasins
  An orc warrior (D:8)
  An ice beast (D:5)
  2 sky beasts
  3 black bears
  6 ogres
  A wolf (D:9)
  9 centaurs
  5 kobold brigands
  3 bullfrogs
  2 wyvern zombies (D:8)
  5 gnoll sergeants
  A necrophage (D:6)
  2 scorpions
  14 wights
  Dowan (D:7)
  4 killer bees (D:9)
  4 howler monkeys
  2 centaur zombies (D:8)
  6 hounds
  6 orc priests
  A gnoll bouda (D:9)
  5 jellies
  Jessica (D:3)
  Ijyb (D:3)
  Terence (D:3)
  4 iguanas
  5 orc wizards
  4 killer bee zombies (D:8)
  5 adders
  35 gnolls
  2 white imps
  An ufetubus (D:6)
  8 worms
  2 dart slugs
  33 orcs
  9 ball pythons
  11 endoplasms
  9 giant cockroaches
  5 hobgoblins
  12 jackals
  25 kobolds
  4 quokkas
  6 bats
  2 frilled lizards
  15 goblins
  6 rats
360 creatures vanquished.
